 Dungeon Crawl Stone Soup version 0.29.0-4-gdea44cf6ec (webtiles) character file.

Game seed: 13106754522908687961

154 wingedge the Magician (level 5, -2/38 HPs)
             Began as a Mummy Conjurer on Aug 26, 2022.
             Was a Believer of Sif Muna.
             Slain by a gnoll
             ... wielding a +0 club
              (3 damage)
             ... on level 3 of the Dungeon.
             The game lasted 00:18:29 (3114 turns).

wingedge the Magician (Mummy Conjurer)              Turns: 3114, Time: 00:18:30

Health: -2/38      AC:  2    Str: 11    XL:     5   Next: 13%
Magic:  7/11       EV: 12    Int: 19    God:    Sif Muna [**....]
Gold:   75         SH:  0    Dex: 10    Spells: 2/12 levels left

rFire   x . .      SeeInvis .   a - +0 sling
rCold   + . .      Faith    .   (no shield)
rNeg    + + +      Spirit   .   k - +0 robe
rPois   ∞          Reflect  .   (no helmet)
rElec   .          Harm     .   (no cloak)
rCorr   .          Rampage  .   (no gloves)
Will    .....                   (no boots)
Stlth   ++........              (no amulet)
HPRegen 0.12/turn               (no ring)
MPRegen 0.12/turn               (no ring)

@: channelling, very slightly contaminated
A: cold resistance 1, negative energy resistance 3, torment resistance 2, heat
vulnerability 1, in touch with death 1, no potions
a: Renounce Religion, Channel Magic


You were on level 3 of the Dungeon.
You worshipped Sif Muna.
Sif Muna was pleased with you.
You visited 1 branch of the dungeon, and saw 3 of its levels.

You collected 75 gold pieces.

Inventory:

Hand Weapons
 a - a +0 sling (weapon)
 b - a +0 dagger of venom
 i - a +0 short sword
Missiles
 e - a throwing net
 g - 4 boomerangs
Armour
 k - a +0 robe (worn)
Jewellery
 d - an amulet of guardian spirit
Scrolls
 c - a scroll of immolation
 f - a scroll of identify
 h - a scroll of poison {unknown}
 j - 2 scrolls of vulnerability
 l - a scroll of enchant weapon
 m - a scroll of butterflies {unknown}


   Skills:
 - Level 2.0 Fighting
 - Level 2.0 Dodging
 - Level 1.5 Stealth
 + Level 4.4 Spellcasting
 - Level 3.2 Conjurations
 - Level 1.0 Hexes
 - Level 1.0 Air Magic
 - Level 1.0 Poison Magic
 - Level 1.0 Invocations


You had 2 spell levels left.
You knew the following spells:

 Your Spells              Type           Power      Damage    Failure   Level
a - Magic Dart            Conj           64%        1d6       3%          1
b - Searing Ray           Conj           32%        2d5       5%          2
c - Mephitic Cloud        Conj/Pois/Air  10%        N/A       19%         3
d - Fulminant Prism       Conj/Hex       6%         3d7       47%         4

Your spell library contained the following spells:

 Spells                   Type           Power      Damage    Failure   Level
 Shock                    Conj/Air       48%        1d6       5%          1
 Freeze                   Ice            16%        1d4       13%         1
 Dazzling Flash           Conj/Hex       24%        N/A       16%         3
 Confusing Touch          Hex            8%         N/A       26%         3
 Ignite Poison            Fire/Tmut/Pois 5%         N/A       34%         3
 Iskenderun's Mystic Bla  Conj/Tloc      10%        2d4       54%         4
 Freezing Cloud           Conj/Ice/Air   4%         6-21      90%         5
 Yara's Violent Unravell  Hex/Tmut       3%         3d4       96%         5
 Enfeeble                 Hex            4%         N/A       100%        7


Dungeon Overview and Level Annotations

Branches:
Dungeon (3/15)

Altars:
Sif Muna

Annotations:
D:3 1 runed translucent door, Golfball's ghost, weakling GrFi


Innate Abilities, Weirdness & Mutations

You are immune to poison.
Your flesh is cold resistant. (rC+)
You are immune to negative energy. (rN+++)
You are immune to unholy pain and torment.
You are vulnerable to heat. (rF-)
You are in touch with the powers of death.
You do not drink.


Message History

Training target 1.0 for Poison Magic reached!
Your Air Magic skill increases to level 1!
Your Poison Magic skill increases to level 1!
Unknown command.
The gnoll attacks as you move away! The gnoll misses you.
You can't drink.
Unknown command.
As you read the scroll labelled PEKHLI HIEM, it crumbles to dust.
It is a scroll of identify.
j - 2 scrolls of vulnerability The gnoll hits you with a +0 club!
As you read the scroll of identify, it crumbles to dust.
c - a scroll of immolation The gnoll barely misses you. x2
As you read the scroll of identify, it crumbles to dust.
l - a scroll of enchant weapon The gnoll misses you.
The gnoll hits you with a +0 club.
The gnoll hits you from afar with a +0 spear!
* * * LOW HITPOINT WARNING * * *
The gnoll hits you with a +0 club.
* * * LOW HITPOINT WARNING * * *
Casting: Searing Ray (safe; 5% risk of failure)
Confirm with . or Enter, or press ? or * to list all spells.
Aiming: Searing Ray (safe; 5% risk of failure)
Press: ? - help, Shift-Dir - straight line, f - gnoll
Aim: a gnoll, wielding a +0 spear (81% to hit)
Okay, then.
Casting: Searing Ray (safe; 5% risk of failure)
Confirm with . or Enter, or press ? or * to list all spells.
The spell is quite dangerous to miscast (19% risk of failure)!
Continue anyway?
Aiming: Mephitic Cloud (quite dangerous; 19% risk of failure)
Press: ? - help, Shift-Dir - straight line, f - gnoll
Aim: a gnoll, wielding a +0 club and wearing a +6 ring of strength (lightly wounded, chance to affect: 91%)
You miscast Mephitic Cloud.
You are very lightly contaminated with residual magic.
Nothing appears to happen.
The gnoll hits you from afar with a +0 spear.
* * * LOW HITPOINT WARNING * * *
The gnoll hits you with a +0 club.
You die...

#..#....# ######....####.#
#......# ##..............#
#
#..#....###...###.#..)#####
.## .. #...†..........###)#
..# ##..)###o..##### #[#
..## #.....o..## #.# ....
#o..#############.# ....
o........##..........#.#
J...
........?##@########.#.#
..#. #.#####..##g# #<#.#
..# # ...##g# #.#.# ###
.#...#.# ####.#.# ##..#..#
#......# #...........##.###
#..##### #.# # .#.# #.#
##.# #.#


You could see 2 gnolls.

Vanquished Creatures
  An orc wizard (D:3)
  2 gnolls (D:3)
  6 adders
  3 orcs (D:3)
  3 endoplasms
  3 giant cockroaches
  5 goblins
  6 hobgoblins
  A jackal (D:1)
  3 kobolds
  3 quokkas (D:2)
  7 ball pythons
  5 bats
  2 frilled lizards
  4 rats
54 creatures vanquished.

Notes
Turn   | Place    | Note
-------+----------+-------------------------------------------
     0 | D:1      | wingedge the Mummy Conjurer began the quest for the Orb.
     0 | D:1      | Reached XP level 1. HP: 13/13 MP: 4/4
   130 | D:1      | Got First Steps in Magic
   151 | D:1      | Reached skill level 3 in Spellcasting
   200 | D:1      | Found a faded altar of an unknown god.
   206 | D:1      | Prayed at the altar of an unknown god.
   206 | D:1      | Became a worshipper of Sif Muna the Loreminder
   206 | D:1      | Reached * piety under Sif Muna
   261 | D:1      | Reached XP level 2. HP: 19/19 MP: 2/6
   869 | D:2      | Reached skill level 4 in Spellcasting
   869 | D:2      | Reached skill level 1 in Fighting
   938 | D:1      | Learned a level 2 spell: Searing Ray
  1004 | D:2      | Gained mutation: You are in touch with the powers of death.
                  | [Mummy growth]
  1004 | D:2      | Reached XP level 3. HP: 17/26 MP: 0/8
  1156 | D:2      | Learned a level 3 spell: Mephitic Cloud
  1350 | D:2      | Reached skill level 1 in Hexes
  1793 | D:2      | Reached XP level 4. HP: 33/33 MP: 8/10
  1814 | D:2      | Learned a level 4 spell: Fulminant Prism
  1820 | D:2      | Reached ** piety under Sif Muna
  2609 | D:3      | Noticed Golfball's ghost (weakling GrFi)
  2611 | D:3      | Found a runed translucent door.
  2980 | D:3      | Reached skill level 1 in Invocations
  3105 | D:3      | Reached XP level 5. HP: 33/38 MP: 3/11
  3109 | D:3      | Reached skill level 1 in Air Magic
  3109 | D:3      | Reached skill level 1 in Poison Magic
  3114 | D:3      | HP: 1/38 [gnoll/+0 spear (4)]
  3114 | D:3      | Slain by a gnoll

Illustrated notes

Levels and vault maps discovered:
D:1:      lightli_arrival_isolated_outpost, layout_rooms,
          basic_ecumenical_altar, minmay_split_cup_small
D:2:      layout_basic
D:3:      layout_loops_ring, hellmonk_ghost_happy_afterlife,
          hangedman_decor_push, uniq_robin

Skill      XL: |  1  2  3  4  5 |
---------------+----------------+-----
Spellcasting   | 3 4 |  4.4
Fighting       | 1 2 |  2.0
Dodging        | 2 |  2.0
Hexes          | 1 |  1.0
Invocations    | 1 |  1.0
Air Magic      | 1 |  1.0
Poison Magic   | 1 |  1.0
Stealth        | |  1.5
Conjurations   | |  3.2

Action                   |  1- 3 |  4- 6 || total
-------------------------+-------+-------++-------
Melee: Dagger            |    17 |    13 ||    30
       Punch             |       |     1 ||     1
 Fire: Sling             |       |     3 ||     3
Throw: Boomerang         |     1 |     4 ||     5
 Cast: Magic Dart        |    51 |    19 ||    70
       Searing Ray       |     9 |    13 ||    22
       Mephitic Cloud    |       |     6 ||     6
Invok: Channel Magic     |       |     1 ||     1
  Use: Scroll            |       |     3 ||     3
Armor: Robe              |     9 |     4 ||    13
Dodge: Dodged            |    21 |    19 ||    40
